 Dungeon Sprint DCSS version 0.31-a0-879-g1609e0ac53 (webtiles) character file.

Game seed: 784850981445171782

11741 rocky1 the Fencer (level 12, -31/103 HPs)
             Began as a Djinni Gladiator on Oct 15, 2023.
             Was an Initiate of Gozag.
             Killed from afar by a crystal guardian (43 damage)
             ... with a crystal bolt
             ... in the Dungeon (Sprint II: "The Violet Keep of Menkaure").
             The game lasted 00:12:21 (2406 turns).

rocky1 the Fencer (Djinni Gladiator)                Turns: 2406, Time: 00:12:22

Health: -31/103    AC: 26    Str: 13    XL:     12   Next: 11%
Gold:   5082       EV: 14    Int: 17    God:    Gozag SH:  0 Dex: 26

rFire   + + .        u - +3 great sword (holy)
rCold   x . .        (shield currently unavailable)
rNeg    + + .        p - +4 chain mail "Ezoxzim" {Int+3}
rPois   ∞            q - +2 helmet
rElec   +            L - +0 cloak
rCorr   .            b - +4 pair of gloves "Uxker" {rF- rN+ Int+4}
SInv    .            (boots unavailable)
Will    +....        E - amulet of the acrobat Stlth
                     w - ring of Keuffeb {rElec rF+ rN+}
HPRegen 0.37/turn    D - +6 ring of dexterity
MPRegen 0.00/turn

%: no teleportation, acrobat, infuse magic (-32 HP)
@: flying
A: sickness immunity, fire resistance 2, cold vulnerability 1, float, innate
caster, HP casting, extra vitality 1
a: Renounce Religion, Potion Petition, Call Merchant, Bribe Branch


You were in the Dungeon.
You worshipped Gozag.
Gozag was greatly pleased with you.
You visited 1 branch You collected 7014 gold pieces.
You spent 1932 gold pieces at shops.

Inventory:

Hand Weapons
 i - a +3 long sword of electrocution
 r - the +4 consecrated labrys {holy, Valiant Fragile Fly SInv}
   (You found it in the Dungeon)

   Valiant:   It becomes more powerful as more dangerous foes come into view.
   SInv:      It lets you see invisible.
   Fly:       It grants you flight.
   Fragile:   It will be destroyed if unequipped.
 u - a +3 great sword of holy wrath (weapon)
Missiles
 e - a javelin
 y - 5 boomerangs
 B - 9 poisoned darts
 G - a throwing net
Armour
 b - the +4 pair of gloves "Uxker" (worn) {rF- rN+ Int+4}
   (You bought it in a shop in the Dungeon)

   Int+4:     It affects your intelligence (+4).
   rF-:       It makes you vulnerable to fire.
   rN+:       It protects you from negative energy.
 o - the +0 buckler of Pilihaor {rPois Dex+2}
   (You bought it in a shop in the Dungeon)

   Dex+2:     It affects your dexterity (+2).
   rPois:     It protects you from poison
 p - the +4 chain mail "Ezoxzim" (worn) {Int+3}
   (You bought it in a shop in the Dungeon)

   Int+3:     It affects your intelligence (+3).
 q - a +2 helmet (worn)
 L - a +0 cloak (worn)
Jewellery
 l - a ring of see invisible
 w - the ring of Keuffeb (left hand) {rElec rF+ rN+}
   (You acquired it in the Dungeon)

   [ring of protection from fire]

   rF+:       It protects you from fire.
   rElec:     It insulates you from electricity.
   rN+:       It protects you from negative energy.
 D - a +6 ring of dexterity (right hand)
 E - an amulet of the acrobat (around neck)
Wands
 a - a wand of paralysis (18)
 g - a wand of flame (8)
Scrolls
 d - 12 scrolls of identify {unknown}
 j - 2 scrolls of blinking
 s - 2 scrolls of fog {unknown}
 C - 3 scrolls of silence {unknown}
 I - a scroll of revelation {unknown}
 J - a scroll of torment {unknown}
 K - a scroll of acquirement
Potions
 c - a potion of invisibility
 f - 3 potions of curing
 h - 4 potions of haste
 k - 21 potions of magic {unknown}
 m - 7 potions of enlightenment
 n - a potion of degeneration
 t - 2 potions of heal wounds
 x - a potion of cancellation
 z - 4 potions of resistance
 A - a potion of attraction
 F - 2 potions of might {unknown}
 H - a potion of lignification {unknown}
Miscellaneous
 v - a lightning rod (4/4)


   Skills:
 * Level 15.3 Fighting
 * Level 16.7 Long Blades
 - Level 4.7 Throwing
 + Level 11.5 Armour
 + Level 11.8 Dodging
 - Level 2.0 Stealth
 - Level 4.8 Shields
 * Level 2.9 Evocations


You knew the following spells:

 Your Spells              Type           Power      Damage    Failure   Level
a - Foxfire               Conj/Fire      0%         2x1d4     94%         1
b - Lesser Beckoning      Tloc           0%         N/A       98%         2
c - Vampiric Draining     Necr           0%         2d6       100%        3
d - Frozen Ramparts       Ice            0%         1d1       100%        3
e - Flame Wave            Conj/Fire      0%         2d4       100%        4
Your spell library was empty.


Dungeon Overview and Level Annotations

Branches:
Dungeon (1/1)

Altars:
Cheibriados
Dithmenos
Elyvilon
Fedhas
Gozag
Hepliaklqana
Makhleb
Nemelex Xobeh
Okawaru
Qazlal
Ru
Trog
Uskayaw
Wu Jian
Xom
Yredelemnul
Zin
The Shining One
Jiyva
Lugonu

Shops:
D (!:[[!*::[=(?=([[:

Annotations:
D exclusion: oklob plant, Roxanne


Innate Abilities, Weirdness & Mutations

You are immune to sickness and miasma.
You are immune to poison.
Your flesh is very heat resistant. (rF++)
You are vulnerable to cold. (rC-)
You float through the air rather than walking.
You learn spells naturally, not from books.
Your magical power is your life essence.
You have superior vitality. (+4 MHP)


Message History

The death drake is moderately wounded.
The death drake bites you but does no damage.
You barely miss the death drake.
The death drake is moderately wounded.
The death drake barely misses you. The death drake closely misses you.
You carve the death drake like a ham!!!
The death drake is almost dead.
The death drake bites you but does no damage.
You completely miss the death drake.
The death drake is almost dead.
The death drake bites you but does no damage.
You slice the death drake!!
You kill the death drake!
No target in view!
No target in view!
No target in view!
No target in view!
No target in view!
No target in view!
No target in view!
No target in view!
You now have 5082 gold pieces (gained 126).
You start waiting.
A crystal guardian comes into view.
Found 3 potions of enlightenment.
The crystal guardian hits you!
You hit the crystal guardian.
The crystal guardian is lightly damaged.
The crystal guardian hits you!
You slice the crystal guardian!!
The crystal guardian is heavily damaged.
The crystal guardian hits you!
You hit the crystal guardian.
The crystal guardian is heavily damaged.
The crystal guardian fires a crystalline bolt at you.
The crystal bolt freezes you!!!
You feel a terrible chill!
Ouch! That really hurt!
* * * LOW HITPOINT WARNING * * *
The crystal bolt freezes you!!!
You feel a terrible chill!
You die...
Your body crumbles into a pile of gold.

.~~.~## ..▓ ..§~.~## ▓▓+▓▓▓▓.▓
§8~§~.~# +○.°▓0..▓ ~§.§~. ...
#.°°▓▓▓▓▓▓▓▓▓▓ ~.~~
....###.°.▓≈≈§≈≈≈≈§▓▓ +#+++##
...#!##=°▓▓▓▓▓▓▓▓▓▓▓ ......#
..#..#|:▓).(...(:▓▓ #'##..#
#.#9.#○°▓[.......▓▓ .#.##.###
+.##@#[[▓[[[[....▓▓ ###.# ...
#...####▓...)..).▓▓ .#.####..##
##^.##.#▓.[...[..▓▓ #'###.##..#
+..#..#▓).[..).[▓▓ #.##...#..#
#.^#..#▓..)[":.[▓▓ .<.'.#
+..####..##.#▓.).[.(..▓▓
#.##...#....###...##▓▓▓▓▓▓▓'▓▓▓▓+
#'###.##...§..~~~~~~~~~~~~~...≈≈≈
.#.####~~.....~#'########'###.≈≈≈


You could see a crystal guardian.

Vanquished Creatures
  A kraken (D)
  Gastronok (D)
  A dire elephant (D)
  Nessos (D)
  2 death drakes (D)
  3 sixfirhies (D)
  3 orc sorcerers (D)
  A yaktaur (D)
  A hornet (D)
  3 polar bears (D)
  12 flying skulls (D)
  2 wyverns (D)
  A vampire mosquito (D)
  Menkaure (D)
  3 water moccasins (D)
  2 swamp drakes (D)
  4 necrophages (D)
  A jelly (D)
  3 worms (D)
  4 tentacles (D)
50 creatures vanquished.

Vanquished Creatures (others)
  A water moccasin (D)
  10 tentacles (D)
11 creatures vanquished.

Grand Total: 61 creatures vanquished

Notes
Turn   | Place    | Note
-------+----------+-------------------------------------------
     0 | D        | rocky1 the Djinni Gladiator began the quest for the Orb.
     0 | D        | Reached XP level 1. HP: 18/18 MP: 0/0
    13 | D        | Reached skill level 3 in Long Blades
    20 | D        | Reached XP level 2. HP: 20/23 MP: 0/0
    32 | D        | Noticed an ice statue
    39 | D        | Noticed a flying skull
    43 | D        | Found a hazy altar of Hepliaklqana.
    44 | D        | Found a shadowy altar of Dithmenos.
    44 | D        | Found a viscous altar of Jiyva.
    44 | D        | Found a stormy altar of Qazlal.
    45 | D        | Found a sacrificial altar of Ru.
    46 | D        | Found a snail-covered altar of Cheibriados.
    46 | D        | Found a corrupted altar of Lugonu.
    46 | D        | Found a white marble altar of Elyvilon.
    46 | D        | Found a blossoming altar of Fedhas.
    46 | D        | Found an ornate altar of the Wu Jian Council.
    47 | D        | Found a bloodstained altar of Trog.
    47 | D        | Found a burning altar of Makhleb.
    47 | D        | Found a shimmering altar of Xom.
    47 | D        | Found an opulent altar of Gozag.
    53 | D        | Found a glowing golden altar of the Shining One.
    53 | D        | Found a basalt altar of Yredelemnul.
    53 | D        | Found a hide-covered altar of Uskayaw.
    54 | D        | Found a glowing silver altar of Zin.
    56 | D        | Found a sparkling altar of Nemelex Xobeh.
    57 | D        | Found an iron altar of Okawaru.
    59 | D        | Noticed a water moccasin
    60 | D        | Noticed a water moccasin
    65 | D        | Became a worshipper of Gozag Ym Sagoz the Greedy
    66 | D        | Noticed a flying skull
    67 | D        | Noticed a flying skull
    82 | D        | Noticed a water moccasin
    95 | D        | Killed a water moccasin
    96 | D        | Reached skill level 6 in Long Blades
    96 | D        | Reached skill level 1 in Armour
    96 | D        | Reached XP level 3. HP: 18/30 MP: 0/0
    96 | D        | Learned a level 1 spell: Foxfire
    96 | D        | Reached XP level 4. HP: 21/35 MP: 0/0
    96 | D        | Reached XP level 5. HP: 24/40 MP: 0/0
    96 | D        | Learned a level 2 spell: Lesser Beckoning
   101 | D        | Noticed a flying skull
   101 | D        | Noticed a flying skull
   101 | D        | Noticed a flying skull
   102 | D        | Noticed a flying skull
   102 | D        | Noticed a flying skull
   103 | D        | Noticed a flying skull
   103 | D        | Noticed a flying skull
   103 | D        | Noticed a flying skull
   103 | D        | Noticed a flying skull
   128 | D        | Found Veonupt's Antique Armour Emporium.
   130 | D        | Found Haluah's Jewellery Shoppe.
   132 | D        | Found Laoma's Magic Scroll Emporium.
   134 | D        | Found Ryxureah's Jewellery Shoppe.
   135 | D        | Found Zaes's Book Shoppe.
   136 | D        | Noticed a vampire mosquito
   156 | D        | Killed a vampire mosquito
   157 | D        | Reached skill level 7 in Long Blades
   157 | D        | Reached skill level 1 in Stealth
   157 | D        | Reached XP level 6. HP: 25/47 MP: 0/0
   243 | D        | Found Jogan's Antique Weapon Shoppe.
   243 | D        | Found Kukhoec's Book Emporium.
   244 | D        | Found Molabbiq's General Store.
   244 | D        | Found Yrhulis's Antique Weapon Shoppe.
   244 | D        | Found Fudan's Distillery.
   272 | D        | Reached skill level 8 in Long Blades
   284 | D        | Reached XP level 7. HP: 42/53 MP: 0/0
   284 | D        | Learned a level 3 spell: Vampiric Draining
   299 | D        | Reached skill level 5 in Fighting
   299 | D        | Reached skill level 9 in Long Blades
   354 | D        | Noticed a boulder beetle
   354 | D        | Noticed a boulder beetle
   358 | D        | Noticed a wyvern
   358 | D        | Noticed a wyvern
   372 | D        | Killed a wyvern
   373 | D        | Reached skill level 5 in Armour
   378 | D        | Killed a wyvern
   379 | D        | Reached skill level 10 in Long Blades
   379 | D        | Reached XP level 8. HP: 37/61 MP: 0/0
   483 | D        | Noticed Roxanne
   485 | D        | Noticed Menkaure
   492 | D        | Killed Menkaure
   529 | D        | Found Vadwin's Antique Armour Shoppe.
   529 | D        | Found Ryorch's Antique Armour Emporium.
   529 | D        | Noticed an oklob plant
   530 | D        | Found Qysh's Distillery.
   530 | D        | Found Vysan's Antique Weapon Emporium.
   530 | D        | Found Buussi's Book Shoppe.
   542 | D        | Noticed a death yak
   546 | D        | Bought a glowing long sword for 156 gold pieces
   555 | D        | Bought a runed long sword for 97 gold pieces
   565 | D        | Bought a potion of resistance for 100 gold pieces
   565 | D        | Bought a potion of heal wounds for 50 gold pieces
   565 | D        | Bought a potion of haste for 100 gold pieces
   565 | D        | Bought a potion of curing for 30 gold pieces
   565 | D        | Bought a potion of enlightenment for 50 gold pieces
   565 | D        | Bought a potion of degeneration for 10 gold pieces
   567 | D        | Bought a warped buckler for 199 gold pieces
   567 | D        | Identified the +0 buckler of Pilihaor {rPois Dex+2} (You
                  | bought it in a shop in the Dungeon)
   567 | D        | Bought a shimmering chain mail for 199 gold pieces
   567 | D        | Identified the +4 chain mail "Ezoxzim" {Int+3} (You bought
                  | it in a shop in the Dungeon)
   567 | D        | Bought a shiny helmet for 157 gold pieces
   597 | D        | Bought a pair of dazzling gloves for 190 gold pieces
   597 | D        | Identified the +4 pair of gloves "Uxker" {rF- rN+ Int+4}
                  | (You bought it in a shop in the Dungeon)
   604 | D        | Bought a potion of invisibility for 96 gold pieces
   604 | D        | Bought a potion of curing for 36 gold pieces
   649 | D        | Noticed a polar bear
   649 | D        | Noticed a polar bear
   649 | D        | Noticed a polar bear
   651 | D        | Noticed a yaktaur
   659 | D        | Noticed a hornet
   668 | D        | Killed a polar bear
   686 | D        | Killed a hornet
   687 | D        | Reached skill level 11 in Long Blades
   687 | D        | Reached skill level 10 in Dodging
   688 | D        | Killed a polar bear
   689 | D        | Reached XP level 9. HP: 53/67 MP: 0/0
   689 | D        | Learned a level 3 spell: Frozen Ramparts
   692 | D        | Killed a polar bear
   698 | D        | Killed a yaktaur
   699 | D        | Reached skill level 12 in Long Blades
   699 | D        | Reached skill level 1 in Shields
   747 | D        | Noticed a kraken
   813 | D        | Reached skill level 13 in Long Blades
   820 | D        | Reached XP level 10. HP: 72/78 MP: 0/0
   838 | D        | Reached skill level 10 in Fighting
   889 | D        | Reached skill level 14 in Long Blades
  1038 | D        | Noticed a sixfirhy
  1041 | D        | Noticed a sixfirhy
  1044 | D        | Noticed a sixfirhy
  1051 | D        | Found Plog's Book Shoppe.
  1052 | D        | Found Kuoxtah's Armour Boutique.
  1091 | D        | Killed a sixfirhy
  1117 | D        | Killed a sixfirhy
  1118 | D        | Reached skill level 10 in Armour
  1124 | D        | Killed a sixfirhy
  1125 | D        | Reached XP level 11. HP: 81/90 MP: 0/0
  1125 | D        | Learned a level 4 spell: Flame Wave
  1127 | D        | Noticed Gastronok
  1150 | D        | Killed Gastronok
  1151 | D        | Reached skill level 15 in Long Blades
  1166 | D        | Noticed a dire elephant
  1166 | D        | Noticed an orc sorcerer
  1166 | D        | Noticed an orc sorcerer
  1166 | D        | Noticed an orc sorcerer
  1167 | D        | Noticed a soul eater
  1178 | D        | Killed a dire elephant
  1185 | D        | Killed an orc sorcerer
  1190 | D        | Noticed a sixfirhy
  1193 | D        | Killed an orc sorcerer
  1200 | D        | Killed an orc sorcerer
  1215 | D        | Found the +4 consecrated labrys {holy, Valiant Fragile Fly
                  | SInv}
  1218 | D        | Found the +8 Wrath of Trog {antimagic, *Rage Rampage}
  1253 | D        | Identified the staff "Hoab" {Fly rElec rPois rF+++ Int-3
                  | Air}
  1266 | D        | Identified the ring of Vawashrone {Fire rElec rN+ Str-3}
  1304 | D        | Identified 3 scrolls of acquirement
  1304 | D        | Acquired 677 gold pieces
  1306 | D        | Acquired the ring of Keuffeb {rElec rF+ rN+}
  1308 | D        | Acquired 822 gold pieces
  1407 | D        | Found Uloossoe's Armour Emporium.
  1409 | D        | Found Urevinog's Distillery.
  1411 | D        | Noticed Nessos
  1413 | D        | Paralysed by Nessos for 4 turns
  1427 | D        | Killed Nessos
  1438 | D        | Bought a potion of invisibility for 88 gold pieces
  1438 | D        | Bought a potion of heal wounds for 55 gold pieces
  1438 | D        | Bought a potion of curing for 33 gold pieces
  1438 | D        | Bought a potion of heal wounds for 55 gold pieces
  1438 | D        | Bought a potion of cancellation for 88 gold pieces
  1438 | D        | Bought a potion of resistance for 110 gold pieces
  1438 | D        | Bought a potion of attraction for 33 gold pieces
  1999 | D        | Killed a kraken
  2000 | D        | Reached skill level 15 in Fighting
  2000 | D        | Reached skill level 16 in Long Blades
  2000 | D        | Reached skill level 1 in Evocations
  2253 | D        | Noticed a death drake
  2269 | D        | Killed a death drake
  2270 | D        | Reached XP level 12. HP: 101/103 MP: 0/0
  2282 | D        | Noticed a death drake
  2295 | D        | Killed a death drake
  2403 | D        | Noticed a crystal guardian
  2406 | D        | Killed from afar by a crystal guardian

Illustrated notes

Levels and vault maps discovered:
D:        the_violet_keep_of_menkaure [sprint2_stairs_cluster_1,
          sprint2_shoproom, sprint2_temple, sprint2_basic_supplies,
          sprint2_obstacle_2, sprint2_obstacle_1, sprint2_obstacle_6,
          sprint2_obstacle_4, sprint2_obstacle_7, sprint2_timed_cluster_1,
          sprint2_smallroom_cluster_1, sprint2_smallroom_final_cluster_1,
          sprint2_transparent_cluster_1, sprint2_second_timed_cluster_1,
          sprint2_sniper_area_1, sprint2_heavy_combat_area_1,
          sprint2_mutation_trap_area_1, sprint2_forest_area_1,
          sprint2_light_combat_area_1, sprint2_behind_water_1,
          sprint2_near_end_vault_1]

Skill      XL: |  1  2  3  4  5  6  7  8  9 10 11 |
---------------+----------------------------------+-----
Long Blades    | 3 6 7 8 10 11 13 14 16 | 16.7
Dodging        | 4 6 7 8 9 10 11 | 11.8
Throwing       | 2 3 4 |  4.7
Fighting       | 3 4 5 6 9 12 15 | 15.3
Armour         | 1 3 4 5 7 9 10 11 | 11.5
Stealth        | 1 2 |  2.0
Shields        | 2 3 4 |  4.8
Evocations     | 2 |  2.9

Action                     |  1- 3 |  4- 6 |  7- 9 | 10-12 || total
---------------------------+-------+-------+-------+-------++-------
  Melee: Long sword        |    25 |    32 |   103 |   163 ||   323
         Punch             |       |     1 |       |       ||     1
         Great sword       |       |       |       |    60 ||    60
  Throw: Throwing net      |     2 |     3 |     2 |       ||     7
    Use: Potion            |       |     1 |     1 |     6 ||     8
         Scroll            |       |       |       |     3 ||     3
   Stab: Held in net/web   |     2 |       |       |       ||     2
         Distracted        |       |       |     1 |       ||     1
         Invisible         |       |       |       |     2 ||     2
 Armour: Leather armour    |     9 |    14 |       |       ||    23
         Plate armour      |       |    12 |    19 |       ||    31
         Chain mail        |       |       |    46 |   140 ||   186
  Dodge: Dodged            |    11 |    23 |    35 |    87 ||   156
  Block: Buckler           |       |       |    11 |    24 ||    35

Table legend: (Time is in decaauts)
 A = Elapsed time spent in this place.
 B = Non-inter-level travel time spent in this place.
 C = Inter-level travel time spent in this place.
 D = Time resting spent in this place.
 E = Time spent auto-exploring this place.
 F = Levels seen in this place.
 G = Mean time per level.
                   A        B        C        D        E       F      G
               +--------+--------+--------+--------+--------+-----+--------+
         Total |   2364 |   2364 |      0 |   1076 |      0 |   1 | 2364.0 |
       Dungeon |   2364 |   2364 |      0 |   1076 |      0 |   1 | 2364.0 |
               +--------+--------+--------+--------+--------+-----+--------+

Top non-repeatable levels by time:
       D: 2364 daAuts
